 Dungeon Crawl Stone Soup version 0.26.0-10-g1f06aea511 (webtiles) character file.

Game seed: 5573654850238903093

42896 wakim the Severer (level 13, -2/183 HPs)
             Began as a Minotaur Fighter on Jan 22, 2021.
             Was a High Priest of Trog.
             Slain by Rupert
             ... wielding a +5 vorpal battleaxe
              (3 damage)
             ... on level 3 of the Lair of Beasts.
             The game lasted 00:54:28 (15989 turns).

wakim the Severer (Minotaur Fighter)               Turns: 15989, Time: 00:54:28

Health: -2/183     AC: 28    Str: 25    XL:     13   Next: 87%
Magic:  12/12      EV: 13    Int:  5    God:    Trog [*****.]
Gold:   929        SH: 13    Dex: 11    Spells: 12/12 levels left

rFire    + . .     SeeInvis .   a - +2 broad axe (flame)
rCold    + . .     Faith    +   j - +0 kite shield
rNeg     . . .     Spirit   .   C - +4 plate armour
rPois    .         Reflect  .   p - +2 hat
rElec    .         Harm     .   N - +2 cloak
rCorr    .         Rampage  .   F - +0 pair of gloves
Will     .....                  f - +0 pair of boots
Stlth    ..........             n - amulet "Zafro" {Faith rF+}
HPRegen  0.40/turn              w - +4 ring of evasion
MPRegen  0.13/turn              q - ring of protection from cold

@: berserking, very quick
A: retaliatory headbutt, horns 2
a: Renounce Religion, Berserk, Trog's Hand, Brothers in Arms


You were on level 3 of the Lair of Beasts.
You worshipped Trog.
Trog was extremely pleased with you.
You visited 2 branches of the dungeon, and saw 17 of its levels.
You also visited: Ossuary.

You collected 1014 gold pieces.
You spent 85 gold pieces at shops.

Inventory:

Hand Weapons
 a - a +2 broad axe of flaming (weapon)
 b - a +2 antimagic broad axe
 s - the +10 rapier "Leviticus" {vamp, Will++}
   (You found it on level 6 of the Dungeon)

   It inflicts no extra harm, but heals its wielder when it wounds a living foe.
   It affects your willpower, your defense against some magical effects.
Missiles
 h - 3 boomerangs (quivered)
 r - 7 silver boomerangs
Armour
 f - a +0 pair of boots (worn)
 j - a +0 kite shield (worn)
 p - a +2 hat (worn)
 C - a +4 plate armour (worn)
 F - a +0 pair of gloves (worn)
 N - a +2 cloak (worn)
Jewellery
 l - an uncursed ring of willpower
 n - the amulet "Zafro" (around neck) {Faith rF+}
   (You bought it in a shop on level 8 of the Dungeon)

   [amulet of faith]

   It allows you to gain divine favour quickly.
   It protects you from fire.
 o - an uncursed amulet of regeneration
 q - a ring of protection from cold (right hand)
 t - an uncursed ring of stealth
 w - a +4 ring of evasion (left hand)
 z - an uncursed ring of ice
 D - a +6 ring of strength
 J - a +6 ring of strength
Wands
 y - a wand of digging (3)
Scrolls
 e - 16 scrolls of remove curse
 i - 7 scrolls of teleportation
 k - 13 scrolls of identify
 m - a scroll of blinking
 u - 3 scrolls of fog
 v - 4 scrolls of enchant weapon
 x - 3 scrolls of fear
 E - 3 scrolls of enchant armour
 H - a scroll of brand weapon
 L - 2 scrolls of magic mapping
Potions
 c - 17 potions of curing
 d - 2 potions of might
 g - 2 potions of flight
 A - 6 potions of heal wounds
 G - a potion of haste
 I - a potion of magic
 M - a potion of resistance


   Skills:
 * Level 13.3 Fighting
 * Level 15.1 Axes
 + Level 8.1 Throwing
 + Level 13.1 Armour
 + Level 6.3 Dodging
 + Level 11.7 Shields


You had 12 spell levels left.
You didn't know any spells.
Your spell library was empty.

Dungeon Overview and Level Annotations

Branches:
Dungeon (14/15)            Temple (0/1) D:5            Lair (3/6) D:8
 Shoals (0/4) Lair:2          Orc (0/2) D:9         Ossuary (visited)
  Snake: Lair:2-4    Spider: Lair:2-4    Vaults: D:13-14

Altars:
Cheibriados
Dithmenos
Elyvilon
Fedhas
Gozag
Hepliaklqana
Kikubaaqudgha
Nemelex Xobeh
Ru
Sif Muna
Trog
Wu Jian
Xom
Zin
The Shining One
Lugonu

Shops:
D:7 *   D:8 *   D:9 !   D:13 :

Portals:
Abyss: Lair:1

Annotations:
D:8 2 transporters
Lair:1 2 transporters, Wuochyse's ghost, journeyman DEWz
Lair:3 Rupert


Innate Abilities, Weirdness & Mutations

You reflexively headbutt those who attack you in melee.
You have a pair of horns on your head.


Message History

You slash Rupert! You burn Rupert.
Rupert is heavily wounded.
Rupert barely misses you.
Your shield prevents you from hitting Rupert.
You headbutt Rupert!
Rupert is heavily wounded.
You slash Rupert! You burn Rupert.
Rupert is severely wounded.
Rupert hits you with a +5 vorpal battleaxe!!
* * * LOW HITPOINT WARNING * * *
x2 You slice Rupert!!
You burn Rupert.
Rupert is almost dead.
Rupert hits you but does no damage.
You slash Rupert! You burn Rupert.
Rupert is almost dead.
You slash Rupert! You burn Rupert.
Rupert is almost dead.
Rupert hits you with a +5 vorpal battleaxe!
* * * LOW HITPOINT WARNING * * *
You die...

.........###
.......... ........
......# .... .....#
.... ....# #....
####...##
P##....####P##@...#
........#....@#..##
#............#...#
#....#.....##..## #
#....##...P##..#
######......#.......#
..#.#...............#
.....†...............
.....................
#######.P.##.###..#.#


You could see Rupert (berserk).

Vanquished Creatures
  Gastronok (D:9)
  A rakshasa (D:13)
  2 catoblepae
  Erica (Lair:1)
  A boulder beetle (D:11)
  2 centaur warriors (D:13)
  A death knight (D:12)
  A two-headed ogre (D:11)
  Sonja (D:13)
  Nergalle (D:10)
  5 skeletal warriors
  A wizard (D:9)
  A harpy (shapeshifter) (D:13)
  Pikel (D:9)
  2 lindwurms (D:9)
  A wolf spider zombie (D:12)
  2 cyclopes
  4 ugly things
  An elephant (D:8)
  Joseph (D:8)
  A black mamba (Lair:2)
  Maurice (D:12)
  A rime drake (Lair:2)
  8 cane toads
  A freezing wraith (D:13)
  6 trolls
  9 slime creatures (D:12)
  5 blink frogs (Lair:1)
  Grinder (D:5)
  A snapping turtle (Lair:2)
  5 wraiths
  3 wyverns
  Grum (Lair:1)
  41 yaks
  3 basilisks
  Edmund (D:4)
  2 vampire mosquitoes (D:12)
  An acid dragon (D:12)
  A soldier ant (D:13)
  10 water moccasins
  6 orc warriors
  An ice beast (D:10)
  An eye of draining (D:13)
  5 phantoms
  6 sky beasts
  7 black bears
  4 ogres
  6 centaurs
  4 big kobolds
  7 wolves
  A lemure (D:9)
  13 bullfrogs
  A wyvern skeleton (D:13)
  11 scorpions
  8 wights
  6 killer bees
  3 howler monkeys (D:11)
  A bullfrog zombie (D:9)
  A quasit (D:13)
  8 centaur zombies
  3 human zombies (Ossuary)
  A jelly (D:11)
  7 orc priests
  5 hounds
  2 bullfrog skeletons
  3 centaur skeletons
  5 iguanas
  A gnoll shaman (D:7)
  7 orc wizards
  8 worker ants
  3 big kobold zombies (Ossuary)
  2 hound skeletons
  3 mummies (Ossuary)
  A worker ant zombie (D:10)
  Robin (D:3)
  9 gnolls
  2 scorpion zombies (Ossuary)
  14 adders
  A shadow imp (D:6)
  A white imp (D:5)
  An ufetubus (D:6)
  An ooze (D:6)
  4 worms
  3 adder skeletons
  2 dart slugs
  6 leopard geckos
  61 orcs
  7 giant cockroaches
  23 goblins
  9 hobgoblins
  9 jackals
  17 kobolds
  6 quokkas
  A ball python (D:2)
  4 bats
  3 frilled lizards
  A gnoll zombie (Ossuary)
  2 goblin zombies (Ossuary)
  2 hobgoblin zombies (Ossuary)
  3 kobold zombies (Ossuary)
  2 leopard gecko zombies
  3 orc zombies (Ossuary)
  2 quokka skeletons
  A quokka zombie (D:6)
  8 rats
493 creatures vanquished.

Vanquished Creatures (others)
  A scorpion (Ossuary)
  7 fungi
  7 plants
15 creatures vanquished.

Grand Total: 508 creatures vanquished

Notes
Turn   | Place    | Note
-------+----------+-------------------------------------------
     0 | D:1      | wakim the Minotaur Fighter began the quest for the Orb.
     0 | D:1      | Reached XP level 1. HP: 19/19 MP: 0/0
   164 | D:1      | Found a shimmering altar of Xom.
   249 | D:1      | Reached XP level 2. HP: 27/27 MP: 1/1
   255 | D:1      | Reached skill level 3 in Axes
   729 | D:2      | Reached XP level 3. HP: 33/33 MP: 2/2
   955 | D:2      | Found a blossoming altar of Fedhas.
  2028 | D:3      | Noticed Robin
  2037 | D:3      | Reached XP level 4. HP: 36/40 MP: 3/3
  2043 | D:3      | Killed Robin
  2044 | D:3      | Reached skill level 4 in Axes
  2045 | D:3      | Found a snail-covered altar of Cheibriados.
  2045 | D:3      | Noticed a torpor snail
  2309 | D:3      | Found a faded altar of an unknown god.
  2325 | D:3      | Reached XP level 5. HP: 46/47 MP: 4/4
  2352 | D:3      | Became a worshipper of Trog the Wrathful
  2352 | D:3      | Reached * piety under Trog
  2381 | D:3      | Found a sparkling altar of Nemelex Xobeh.
  2381 | D:3      | Found an ancient bone altar of Kikubaaqudgha.
  2888 | D:4      | Found a white marble altar of Elyvilon.
  2915 | D:4      | Reached skill level 5 in Axes
  3221 | D:4      | Reached XP level 6. HP: 51/55 MP: 5/5
  3249 | D:4      | Noticed Edmund
  3261 | D:4      | Killed Edmund
  3262 | D:4      | Reached skill level 5 in Fighting
  3262 | D:4      | Reached skill level 5 in Armour
  3262 | D:4      | Reached skill level 5 in Shields
  3437 | D:5      | Entered Level 5 of the Dungeon
  3437 | D:5      | Found a staircase to the Ecumenical Temple.
  3504 | D:5      | Found a sand-covered staircase.
  3515 | Ossuary  | Entered an ossuary
  3545 | Ossuary  | Reached skill level 6 in Axes
  3556 | Ossuary  | Reached XP level 7. HP: 51/61 MP: 6/6
  3695 | Ossuary  | Reached ** piety under Trog
  3851 | Ossuary  | Reached skill level 7 in Axes
  3958 | Ossuary  | Reached XP level 8. HP: 32/70 MP: 7/7
  4443 | D:5      | Reached skill level 8 in Axes
  4527 | D:5      | Noticed Grinder
  4534 | D:5      | Killed Grinder
  4534 | D:5      | Reached *** piety under Trog
  4535 | D:5      | Reached skill level 1 in Throwing
  5397 | D:6      | Reached skill level 9 in Axes
  5397 | D:6      | Reached XP level 9. HP: 68/79 MP: 8/8
  5461 | D:6      | Got a pitted rapier
  5462 | D:6      | Identified the +10 rapier "Leviticus" {vamp, Will++} (You
                  | found it on level 6 of the Dungeon)
  5489 | D:6      | Reached **** piety under Trog
  5858 | D:7      | Found Kighacis's Assorted Antiques.
  6358 | D:7      | Found a shadowy altar of Dithmenos.
  6574 | D:8      | Found Teluisso's Assorted Antiques.
  6587 | D:8      | Bought a scorched iron amulet for 85 gold pieces
  6587 | D:8      | Identified the amulet "Zafro" {Faith rF+} (You bought it in
                  | a shop on level 8 of the Dungeon)
  6654 | D:8      | Noticed a brown ugly thing
  6655 | D:8      | Found a corrupted altar of Lugonu.
  6655 | D:8      | Noticed a cyan ugly thing
  6655 | D:8      | Noticed a red ugly thing
  6742 | D:8      | Found a transporter.
  6743 | D:8      | Found a transporter.
  6749 | D:8      | Reached skill level 10 in Axes
  6814 | D:8      | Found a staircase to the Lair.
  6814 | D:8      | Noticed an elephant
  6839 | D:8      | Killed an elephant
  6840 | D:8      | Reached XP level 10. HP: 82/88 MP: 9/9
  6888 | D:8      | Noticed Joseph
  6902 | D:8      | Killed Joseph
  7040 | D:8      | Found a sacrificial altar of Ru.
  7269 | D:9      | Noticed a lindwurm
  7269 | D:9      | Noticed a lindwurm
  7299 | D:9      | Found a shimmering blue altar of Sif Muna.
  7348 | D:9      | Reached skill level 11 in Axes
  7353 | D:9      | Reached skill level 10 in Armour
  7377 | D:9      | Found a glowing golden altar of the Shining One.
  7377 | D:9      | Noticed Gastronok
  7409 | D:9      | Killed Gastronok
  7525 | D:9      | Found an ornate altar of the Wu Jian Council.
  7571 | D:9      | Noticed a lindwurm
  7614 | D:9      | Noticed a lindwurm
  7785 | D:9      | Killed a lindwurm
  7843 | D:9      | Killed a lindwurm
  7844 | D:9      | Reached skill level 5 in Throwing
  7844 | D:9      | Reached XP level 11. HP: 97/97 MP: 10/10
  7862 | D:9      | Found a sacrificial altar of Ru.
  7872 | D:9      | Noticed Pikel
  7880 | D:9      | Killed Pikel
  7890 | D:9      | Found a glowing silver altar of Zin.
  7895 | D:9      | Noticed a wizard
  7904 | D:9      | Killed a wizard
  7923 | D:9      | Reached ***** piety under Trog
  7929 | D:9      | Reached skill level 12 in Axes
  7944 | D:9      | Received a gift from Trog
  8182 | D:9      | Found a staircase to the Orcish Mines.
  8368 | D:9      | Found a hazy altar of Hepliaklqana.
  8388 | D:9      | Found Koatheuqino's Distillery.
  8739 | D:10     | Entered Level 10 of the Dungeon
  8739 | D:10     | Noticed Nergalle
  8755 | D:10     | Killed Nergalle
  9722 | D:11     | Noticed a two-headed ogre
  9724 | D:11     | Reached skill level 1 in Dodging
  9730 | D:11     | Killed a two-headed ogre
  9783 | D:11     | Received a gift from Trog
  9822 | D:11     | Noticed a white ugly thing
  9827 | D:11     | Reached skill level 10 in Fighting
  9834 | D:11     | Killed a white ugly thing
 10077 | D:11     | Found an opulent altar of Gozag.
 10165 | D:11     | Noticed a boulder beetle
 10204 | D:11     | Killed a boulder beetle
 10205 | D:11     | Reached skill level 10 in Shields
 10322 | D:11     | Noticed a white ugly thing
 10332 | D:11     | Killed a white ugly thing
 10381 | D:11     | Noticed a purple ugly thing
 10391 | D:11     | Killed a purple ugly thing
 10512 | D:12     | Reached skill level 13 in Axes
 10512 | D:12     | Reached XP level 12. HP: 106/107 MP: 11/11
 11964 | D:12     | Noticed Maurice
 12007 | D:12     | Killed Maurice
 12007 | D:12     | Received a gift from Trog
 12120 | D:12     | Noticed a catoblepas
 12134 | D:12     | Killed a catoblepas
 12338 | D:12     | Reached skill level 14 in Axes
 12448 | D:13     | Noticed a centaur warrior
 12457 | D:13     | Killed a centaur warrior
 12461 | D:13     | Found Gackyhoimo's Book Boutique.
 12513 | D:13     | Noticed a rakshasa
 12551 | D:13     | Killed a rakshasa
 12552 | D:13     | Reached XP level 13. HP: 74/118 MP: 12/12
 12787 | D:13     | Noticed Sonja
 12790 | D:13     | Killed Sonja
 12869 | D:13     | Reached skill level 5 in Dodging
 13761 | Lair:1   | Entered Level 1 of the Lair of Beasts
 13865 | Lair:1   | Noticed Grum
 13886 | Lair:1   | Killed Grum
 13915 | Lair:1   | Received a gift from Trog
 14006 | Lair:1   | Found a transporter.
 14014 | Lair:1   | Found a transporter.
 14045 | Lair:1   | Noticed Erica
 14069 | Lair:1   | Killed Erica
 14540 | Lair:1   | Noticed Wuochyse's ghost (journeyman DEWz)
 14541 | Lair:1   | Found a one-way gate to the infinite horrors of the Abyss.
 14881 | Lair:2   | Reached skill level 15 in Axes
 15252 | Lair:2   | Found a staircase to the Shoals.
 15967 | Lair:3   | Noticed Rupert
 15972 | Lair:3   | Paralysed by Rupert for 3 turns
 15989 | Lair:3   | HP: 1/183 [Rupert/+5 vorpal battleaxe (11)]
 15989 | Lair:3   | Slain by Rupert

Illustrated notes

Levels and vault maps discovered:
D:1:      noname_arrival_rooms_in_the_neighbourhood, layout_basic,
          xom_teletrap_fun
D:2:      kennysheep_six_static_rooms, layout_basic, fedhas_altar_fruit_tree,
          serial_glass, glass_columns_b, glass_columns_b
D:3:      layout_basic, cheibriados_altar_2, gammafunk_temple_overflow_wave,
          chequers_ecumenical_altar_simple_redux, serial_curves, eino_curves_03,
          eino_curves_01, uniq_robin
D:4:      layout_rooms, nicolae_overflow_crystal_walls, item_on_display_a,
          uniq_edmund
D:5:      layout_loops_cross, minmay_temple_entry_mist,
          lightli_ossuary_entry_decrepit_ruins, uniq_grinder
D:6:      layout_gridville
D:7:      layout_basic, general_overflow_altar, serial_shops, shop
D:8:      gammafunk_corrupted_shrine, layout_loops_ring, david_lair_generic,
          serial_shops, shop, nicolae_ru_sacrificial_ziggurat, uniq_joseph
D:9:      layout_basic, overflow_temple_1_default, lemuel_doored_altar,
          zin_statuary, tso_altar, old_standard_altar, kennysheep_mini,
          hiddenorc2_lemuel, serial_shops, kennysheep_little_box,
          minmay_lindwurm_lava, uniq_pikel, uniq_gastronok
D:10:     layout_loops_cross, amcnicky_mini_corridor_feature,
          grunt_ministairs_9, uniq_nergalle
D:11:     layout_basic, ebering_dispersal_statue_hall,
          nicolae_gozag_cash_rules_everything_around_me
D:12:     layout_roguey, kennysheep_generic_room_15, uniq_maurice
D:13:     layout_roguey, serial_shops, nicolae_shop_crystal, uniq_sonja
D:14:     layout_irregular_city, erik_vaults_1, serial_shops,
          kennysheep_mini_moat, eino_curves_03, serial_bayou_ford_a
Lair:1:   layout_chaotic_city, gammafunk_ghost_abyssal_escape, uniq_erica,
          uniq_grum
Lair:2:   layout_hall_layers, minmay_shoals_entry_hut,
          grunt_forest_small_clearing_treed
Lair:3:   layout_regular_city, minmay_lair_oklob_chamber, uniq_rupert

Skill      XL: |  1  2  3  4  5  6  7  8  9 10 11 12 13 |
---------------+----------------------------------------+-----
Axes           | 3 4 5 6 7 9 10 11 13 14 15 | 15.1
Shields        | 4 5 6 7 8 9 10 11 | 11.7
Fighting       | 4 5 6 7 8 9 10 12 13 | 13.3
Armour         | 4 5 6 7 9 10 11 12 13 | 13.1
Throwing       | 1 3 5 6 7 8 |  8.1
Dodging        | 2 4 6 |  6.3

Action                   |  1- 3 |  4- 6 |  7- 9 | 10-12 | 13-15 || total
-------------------------+-------+-------+-------+-------+-------++-------
Melee: War axe           |   100 |   103 |   320 |   615 |   156 ||  1294
       Headbutt          |     9 |    21 |    84 |   157 |    79 ||   350
       Broad axe         |       |       |       |     7 |   172 ||   179
Throw: Boomerang         |       |     4 |       |    43 |     6 ||    53
Invok: Berserk           |       |       |     1 |     4 |     2 ||     7
       Trog's Hand       |       |       |     1 |     5 |     1 ||     7
  Use: Potion            |     5 |       |     4 |       |     1 ||    10
       Scroll            |       |     6 |    11 |     2 |     1 ||    20
Armor: Scale mail        |    49 |     9 |       |       |       ||    58
       Chain mail        |       |    32 |       |       |       ||    32
       Plate armour      |       |    11 |   189 |   215 |   105 ||   520
Dodge: Dodged            |    43 |    27 |    83 |   157 |   108 ||   418
Block: Kite shield       |    64 |    56 |   172 |   276 |   174 ||   742
